 Dungeon Crawl Stone Soup version 0.21.1-1-g345015fe64 (webtiles) character file.

118 Ethylacetat the Slasher (level 4, -2/37 HPs)
             Began as a Demonspawn Chaos Knight on June 6, 2018.
             Slain by Purgy the naga (shapeshifter) (13 damage)
             ... in a sewer on June 7, 2018.
             The game lasted 00:18:48 (1461 turns).

Ethylacetat the Slasher (Demonspawn Chaos Knight)   Turns: 1461, Time: 00:18:48

Health: -2/37      AC:  6    Str: 13      XL:     4   Next: 72%
Magic:  4/4        EV:  9    Int: 12 (14) God:    Xom [..*...]
Gold:   127        SH:  0    Dex: 12 (14) Spells: 3/3 levels left

rFire    . . .     SeeInvis .   a - +0 falchion (chaos)
rCold    . . .     Gourm    .   (no shield)
rNeg     . . .     Faith    .   l - +0 scale mail {MR+}
rPois    .         Spirit   .   (no helmet)
rElec    .         Reflect  .   (no cloak)
rCorr    .         Harm     .   (no gloves)
MR       +....                  (no boots)
Stlth    ..........             (no amulet)
HPRegen  0.12/turn              p - ring of flight
MPRegen  0.09/turn              (no ring)

@: no status effects
A: thin skeletal structure 1, spiny 1
a: Renounce Religion, Evoke Flight


You were in a sewer.
You worshipped Xom.
You were a toy of Xom.
You were not hungry.

You visited 1 branch of the dungeon, and saw 3 of its levels.
You also visited: Sewer.

You collected 127 gold pieces.

Inventory:

Hand Weapons
 a - a +0 falchion of chaos (weapon)
Armour
 b - a +2 leather armour
 l - a +0 scale mail of magic resistance (worn)
Jewellery
 p - a ring of flight (left hand)
Wands
 d - a wand of digging (15)
Scrolls
 e - a scroll of noise
 g - a scroll of identify {unknown}
 h - a scroll of fear {unknown}
 j - 2 scrolls of blinking
 k - a scroll of teleportation {unknown}
 o - a scroll of remove curse {unknown}
Potions
 f - a potion of curing
Comestibles
 c - 6 rations
 i - a chunk of flesh


   Skills:
 + Level 3.9 Fighting
 * Level 4.4 Long Blades
 - Level 1.7 Armour
 - Level 0.8 Dodging


You had 3 spell levels left.
You didn't know any spells.

Dungeon Overview and Level Annotations

Branches:
Dungeon (3/15)

Altars:

Annotations:
Sewer Purgy


Innate Abilities, Weirdness & Mutations

You have a somewhat thin skeletal structure. (Dex +2, Stealth)
You are partially covered in sharp spines.


Message History

You hit Purgy.
Purgy is lightly wounded.
Purgy the scorpion changes into a naga!
You barely miss Purgy. Purgy is struck by your spines. Purgy barely misses you.
You riposte.
You closely miss Purgy.
Purgy is lightly wounded.
You hit Purgy.
Purgy goes berserk!
Purgy is moderately wounded.
Purgy misses you.
You riposte.
You hit Purgy. You freeze Purgy.
Purgy is moderately wounded.
You hit Purgy but do no damage.
Purgy is moderately wounded.
Purgy closely misses you. Purgy is struck by your spines. Purgy hits you!!
Ouch! That really hurt!
* * * LOW HITPOINT WARNING * * *
You hit Purgy.
Purgy is heavily wounded.
Purgy hits you!
You die...
Xom cackles wildly!

### #∩# #.#
#+##+##(##+##+##+#
.................###
≈≈≈≈≈≈≈.≈≈≈≈≈≈≈≈≈#≈≈
≈≈≈≈≈≈≈∩≈≈≈≈≈≈≈≈≈#≈≈
≈≈≈≈≈≈≈.≈≈≈≈≈≈≈≈≈#≈≈
...........@N....###
#+##+##'##'##'##+#
#.##(# .# #.##.# .#
###### ##


You could see Purgy the naga shaped shifter (berserk).

Vanquished Creatures
  Robin (D:2)
  2 adders (D:2)
  2 oozes
  A worm (D:2)
  2 dart slugs
  6 leopard geckos (D:3)
  6 bats
  4 giant cockroaches
  13 goblins (D:2)
  7 hobgoblins
  5 jackals
  5 kobolds
  A quokka (D:3)
  A ball python (D:2)
  A frilled lizard (D:2)
  6 rats
63 creatures vanquished.

Notes
Turn   | Place    | Note
-------+----------+-------------------------------------------
     0 | D:1      | Ethylacetat the Demonspawn Chaos Knight began the quest for the Orb.
     0 | D:1      | Reached XP level 1. HP: 18/18 MP: 1/1
    72 | D:1      | Reached skill level 3 in Long Blades
   108 | D:1      | Gained mutation: You have a somewhat thin skeletal structure. (Dex +2, Stealth) [demonic ancestry]
   108 | D:1      | Reached XP level 2. HP: 15/24 MP: 2/2
   687 | D:2      | Reached XP level 3. HP: 18/29 MP: 3/3
  1068 | D:2      | Noticed Robin
  1088 | D:2      | Reached skill level 4 in Long Blades
  1089 | D:2      | Gained mutation: You are partially covered in sharp spines. [demonic ancestry]
  1089 | D:2      | Reached XP level 4. HP: 19/36 MP: 4/4
  1096 | D:2      | XOM: cast spell 'Summon Butterflies'
  1103 | D:2      | Killed Robin
  1294 | D:3      | XOM: cloud trail
  1416 | D:3      | Found a glowing drain.
  1416 | D:3      | XOM: harmless Hex miscast
  1431 | Sewer    | Entered a sewer
  1441 | Sewer    | XOM: silly message
  1446 | Sewer    | Noticed Purgy
  1456 | Sewer    | Purgy changed into Purgy the scorpion
  1457 | Sewer    | Noticed Purgy
  1457 | Sewer    | Purgy the scorpion changed into Purgy the naga
  1461 | Sewer    | Slain by Purgy the naga (shapeshifter)

Skill      XL: |  1  2  3 |
---------------+----------+-----
Long Blades    | 3 4 |  4.4
Fighting       | |  3.9
Armour         | |  1.7
Dodging        | |  0.8

Action                   |  1- 3 |  4- 6 || total
-------------------------+-------+-------++-------
Melee: Falchion          |   107 |    51 ||   158
  Use: Potion            |     1 |     3 ||     4
       Scroll            |       |     2 ||     2
 Stab: Confused          |     1 |       ||     1
       Petrified         |       |     3 ||     3
  Eat: Chunk             |     1 |     1 ||     2
Armor: Leather armour    |    31 |       ||    31
       Scale mail        |    22 |    19 ||    41
Dodge: Dodged            |    71 |    37 ||   108
       Rpst.: Falchion   |    30 |    14 ||    44
